 Dungeon Crawl Stone Soup version 0.30-a0-585-g93115170b9 (webtiles) character file.

Game seed: 2237018567558786484

11545 experimilk the Destroyer (level 11, -5/120 HPs)
             Began as a Red Draconian Conjurer on Jan 1, 2023.
             Was a High Priest of Vehumet.
             Slain by a large slime creature (35 damage)
             ... in an ice cave.
             The game lasted 00:34:18 (17667 turns).

experimilk the Destroyer (Red Draconian Conjurer)  Turns: 17667, Time: 00:34:19

Health: -5/120     AC: 10    Str:  9    XL:     11   Next: 50%
Magic:  4/23       EV: 12    Int: 24    God:    Vehumet [*****.]
Gold:   384        SH:  0    Dex:  9    Spells: 3/26 levels left

rFire   + + .      SeeInvis .    s - +5 hand axe "Geum Vuo" {freeze, +Blink}
rCold   . . .      Faith    .    (no shield)
rNeg    + . .      Spirit   .    (body armour unavailable)
rPois   .          Reflect  .    (helmet restricted)
rElec   .          Harm     .    C - +1 cloak {Stlth+}
rCorr   .          Rampage  .    i - +0 pair of gloves
Will    .....                    (no boots) Stlth
                                 (no amulet)
HPRegen 0.40/turn                h - ring of protection from fire
MPRegen 0.18/turn                I - ring of positive energy

@: berserking, very slightly contaminated, very quick
A: breathe fire, AC +7, unfitting armour, fire resistance 1, cold-blooded
a: Breathe Fire, Renounce Religion, Evoke Blink


You were in an ice cave.
You worshipped Vehumet.
Vehumet was extremely pleased with you.
You visited 2 branches of the dungeon, and saw 12 of its levels.
You also visited: Ossuary, Bailey and Ice Cave.

You collected 784 gold pieces.
You spent 400 gold pieces at shops.

Inventory:

Hand Weapons
 g - a +1 dagger of freezing
 s - the +5 hand axe "Geum Vuo" (weapon) {freeze, +Blink}
   (You found it in an ice cave)

   It freezes those it strikes, dealing additional cold damage.
   It can also slow down cold-blooded creatures.
   +Blink:    It lets you blink.
 D - a +0 spectral long sword
 F - a +3 dagger
 G - a +0 short sword of venom
Armour
 i - a +0 pair of gloves (worn)
 C - a +1 cloak of stealth (worn)
Magical Staves
 o - a staff of fire
Jewellery
 h - a ring of protection from fire (left hand)
 p - the ring "Jefegic" {rPois rCorr AC+4 Stlth+}
   (You found it in an ice cave)

   [ring of protection]

   AC:        It affects your AC (+4).
   rPois:     It protects you from poison.
   rCorr:     It protects you from acid and corrosion.
   Stlth:     It makes you more stealthy.
 I - a ring of positive energy (right hand)
 M - a ring of protection from fire
Wands
 r - a wand of roots (6)
 J - a wand of flame (9)
 N - a wand of mindburst (7)
 P - a wand of paralysis (4)
Scrolls
 a - 4 scrolls of fog {unknown}
 c - 3 scrolls of silence
 e - 3 scrolls of magic mapping
 f - 5 scrolls of vulnerability
 l - 7 scrolls of teleportation
 n - 2 scrolls of poison {unknown}
 t - 2 scrolls of torment {unknown}
 w - 4 scrolls of immolation {unknown}
 y - 2 scrolls of amnesia {unknown}
 A - 3 scrolls of fear {unknown}
 B - a scroll of blinking {unknown}
 L - a scroll of enchant armour
 O - 2 scrolls of enchant weapon {unknown}
Potions
 b - a potion of invisibility
 d - 5 potions of mutation
 k - 2 potions of attraction
 m - a potion of haste
 q - 7 potions of flight
 u - 3 potions of lignification
 x - 6 potions of curing
 z - 2 potions of brilliance
 E - 3 potions of might {unknown}


   Skills:
 - Level 2.3 Fighting
 - Level 1.7 Dodging
 - Level 1.7 Stealth
 + Level 8.1 Spellcasting
 * Level 14.3 Conjurations
 - Level 9.0 Fire Magic
 - Level 3.0 Poison Magic


You had 3 spell levels left.
You knew the following spells:

 Your Spells              Type           Power      Damage    Failure   Level
a - Magic Dart            Conj           100%       1d8       0%          1
c - Mephitic Cloud        Conj/Pois/Air  37%        N/A       1%          3
f - Ignite Poison         Fire/Tmut/Pois 29%        N/A       1%          3
m - Sticky Flame          Conj/Fire      60%        2d8       1%          4
r - Olgreb's Toxic Radia  Pois           24%        N/A       5%          4
x - Starburst             Conj/Fire      30%        6d9       2%          6
z - Searing Ray           Conj           100%       2d8       1%          2

Your spell library contained the following spells:

 Spells                   Type           Power      Damage    Failure   Level
 Poisonous Vapours        Pois/Air       34%        N/A       1%          2
 Dazzling Flash           Conj/Hex       88%        N/A       1%          3
 Sting                    Tmut/Pois      68%        1d6       3%          1
 Cigotuvi's Dreadful Rot  Necr/Pois/Air  28%        N/A       6%          2
 Call Canine Familiar     Summ           9%         N/A       19%         3
 Portal Projectile        Hex/Tloc       18%        N/A       19%         3
 Fulminant Prism          Conj/Hex       22%        3d12      1%          4
 Iskenderun's Mystic Bla  Conj/Tloc      44%        2d10      1%          4
 Freezing Cloud           Conj/Ice/Air   16%        6-21      7%          5
 Leda's Liquefaction      Hex/Erth       4%         N/A       54%         4
 Passage of Golubria      Tloc           9%         N/A       54%         4
 Silence                  Hex/Air        4%         N/A       87%         5
 Lehudib's Crystal Spear  Conj/Erth      22%        10d6      99%         8
 Simulacrum               Ice/Necr       4%         N/A       100%        6
 Polar Vortex             Ice            4%         N/A       100%        9


Dungeon Overview and Level Annotations

Branches:
Dungeon (11/15)            Temple (1/1) D:4            Lair (0/5) D:9
Ossuary (visited)          Bailey (visited)           IceCv (1/1)
    Orc: D:9-12

Altars:
Ashenzari
Cheibriados
Dithmenos
Elyvilon
Fedhas
Gozag
Hepliaklqana
Kikubaaqudgha
Makhleb
Nemelex Xobeh
Okawaru
Qazlal
Trog
Uskayaw
Vehumet
Wu Jian
Xom
Yredelemnul
Zin
The Shining One

Shops:
D:2 [   D:5 *?!(   D:10 (

Annotations:
D:5 3 runed translucent doors, 0gre's ghost, novice DsFi


Innate Abilities, Weirdness & Mutations

You can breathe blasts of fire.
Your fiery red scales are hard. (AC +7)
You cannot fit into any form of body armour.
Your flesh is heat resistant. (rF+)
You are cold-blooded and may be slowed by cold attacks.


Message History

The slime creature hits you.
You slash the very large slime creature!
You freeze the very large slime creature.
The very large slime creature is heavily wounded.
You slash the slime creature! You freeze the slime creature.
You slash the large slime creature! You freeze the large slime creature.
The large slime creature closely misses you.
The slime creature hits you but does no damage.
You slash the very large slime creature!
You freeze the very large slime creature.
Your tail-slap misses the very large slime creature.
The very large slime creature is heavily wounded.
You slash the slime creature! You freeze the slime creature.
You slash the large slime creature! You freeze the large slime creature.
The large slime creature hits you!!
The slime creature hits you but does no damage.
The very large slime creature barely misses you.
You slash the very large slime creature!
You freeze the very large slime creature.
You tail-slap the very large slime creature!
The very large slime creature is severely wounded.
You barely miss the large slime creature.
You hit the slime creature. You freeze the slime creature.
The slime creature hits you!
A very large slime creature splits.
The large slime creature hits you!!
You hit the large slime creature. You freeze the large slime creature.
You tail-slap the large slime creature.
The large slime creature is severely wounded.
You hit the large slime creature. You freeze the large slime creature.
You barely miss the slime creature. You hit the slime creature.
You freeze the slime creature. You slash the large slime creature!
You freeze the large slime creature.
The large slime creature is severely wounded.
You slash the slime creature! You freeze the slime creature.
You slash the large slime creature! You freeze the large slime creature.
You slash the slime creature! You freeze the slime creature.
The large slime creature hits you!!
* * * LOW HITPOINT WARNING * * *
The slime creature barely misses you. The large slime creature hits you!!
You die...

#...##..##..#..#
#..###..##..##.##
##..#
##..#...#..#
#..## #..##..#...
#..# ##..##..#..#
#..# #...#..##.##
#..####..##..#..#
#..##....#..##..#
#@J.....##..##.##
#JJJ##...#.[.#..#
#.JZ##..##[.##..#
....##..##.##..##
#....##..##.#...#
#...###...#....##
...## #.......##
.... #.......#
##......#


You could see 2 large slime creatures, 3 slime creatures and a shapeshifter
simulacrum.

Vanquished Creatures
  A centaur warrior (D:11)
  A two-headed ogre (D:11)
  A manticore (D:11)
  An ice statue (IceCv)
  5 trolls
  A hornet (D:9)
  10 slime creatures (IceCv)
  2 wraiths
  2 wyverns (D:9)
  11 orc warriors
  An ice beast (D:6)
  A sky beast (D:7)
  A great orb of eyes simulacrum (IceCv)
  4 centaurs
  2 phantoms (D:5)
  6 slime creature simulacra (IceCv)
  A necrophage (D:8)
  5 bullfrogs
  3 kobold brigands
  A scorpion (D:4)
  2 glowing shapeshifter simulacra (IceCv)
  24 wights
  6 killer bees (D:10)
  5 howler monkeys
  A hound (D:5)
  9 orc priests
  A jelly (D:4)
  Ijyb (D:4)
  2 iguanas
  11 orc wizards
  2 shapeshifter simulacra (IceCv)
  8 mummies (Ossuary)
  A gnoll (Bailey)
  10 adders
  2 shadow imps
  14 white imps
  A worm (D:2)
  A dart slug (D:1)
  35 orcs
  7 endoplasms
  4 giant cockroaches
  5 hobgoblins
  9 jackals
  5 quokkas
  6 ball pythons
  3 bats
  3 frilled lizards (D:1)
  2 gnoll zombies (Ossuary)
  15 goblins
  3 hobgoblin zombies (Ossuary)
  40 kobolds
  A kobold zombie (Ossuary)
  2 orc zombies (Ossuary)
  9 rats
310 creatures vanquished.

Vanquished Creatures (others)
  A glowing shapeshifter simulacrum (IceCv)
1 creature vanquished.

Grand Total: 311 creatures vanquished

Notes
Turn   | Place    | Note
-------+----------+-------------------------------------------
     0 | D:1      | experimilk the Draconian Conjurer began the quest for the
                  | Orb.
     0 | D:1      | Reached XP level 1. HP: 14/14 MP: 3/3
   180 | D:1      | Reached XP level 2. HP: 10/20 MP: 0/5
   183 | D:1      | Learned a level 2 spell: Searing Ray
  1180 | D:2      | Reached XP level 3. HP: 12/26 MP: 0/6
  1701 | D:2      | Reached skill level 5 in Conjurations
  2099 | D:2      | Found Viske's Antique Armour Shop.
  2409 | D:2      | Reached XP level 4. HP: 33/33 MP: 5/8
  3034 | D:3      | Found an ornate altar of the Wu Jian Council.
  3778 | D:4      | Noticed a bullfrog
  4119 | D:4      | Noticed Ijyb
  4125 | D:4      | Killed Ijyb
  4126 | D:4      | Reached XP level 5. HP: 38/38 MP: 1/9
  4380 | D:4      | Found a staircase to the Ecumenical Temple.
  4441 | Temple   | Entered the Ecumenical Temple
  4450 | Temple   | Became a worshipper of Vehumet
  4510 | D:4      | Reached skill level 6 in Conjurations
  4556 | D:4      | Reached XP level 6. HP: 32/45 MP: 4/10
  4627 | D:4      | Identified the +9 hand axe "Bogiwak" {protect, rC+}
  4737 | D:4      | Reached skill level 7 in Conjurations
  4814 | D:4      | Reached skill level 1 in Fighting
  4943 | D:4      | Your scales start taking on a fiery red colour.
  4943 | D:4      | Reached XP level 7. HP: 56/56 MP: 4/12
  4943 | D:4      | Gained mutation: Your flesh is heat resistant. (rF+) [Red
                  | Draconian growth]
  5024 | D:4      | Learned a level 6 spell: Starburst
  5150 | D:4      | Learned a level 3 spell: Mephitic Cloud
  5151 | D:5      | Entered Level 5 of the Dungeon
  5162 | D:5      | Reached skill level 1 in Fire Magic
  5816 | D:5      | Found Aqasouj's Mass Market.
  5842 | D:5      | Identified the +8 long sword "Daokkymek" {heavy, rPois rF+}
  5878 | D:5      | Found a runed translucent gate.
  5878 | D:5      | Found a runed translucent gate.
  5878 | D:5      | Found a runed translucent gate.
  5879 | D:5      | Noticed 0gre's ghost (novice DsFi)
  5920 | D:5      | Found Babyig's Distillery.
  5923 | D:5      | Found Maqini's Weapon Boutique.
  5928 | D:5      | Bought a potion of degeneration for 12 gold pieces
  5951 | D:5      | Reached skill level 8 in Conjurations
  6185 | D:5      | Found Lenycigh's Magic Scroll Boutique.
  6191 | D:5      | Bought a scroll of noise for 14 gold pieces
  6191 | D:5      | Bought a scroll of identify for 28 gold pieces
  6191 | D:5      | Bought a scroll of identify for 28 gold pieces
  6229 | D:5      | Bought a potion of brilliance for 48 gold pieces
  6274 | D:6      | Reached XP level 8. HP: 21/62 MP: 3/14
  6412 | D:6      | Found a sand-covered staircase.
  6418 | Ossuary  | Entered an ossuary
  6425 | Ossuary  | Reached * piety under Vehumet
  6425 | Ossuary  | Offered knowledge of Sandblast by Vehumet.
  6874 | D:6      | Reached skill level 5 in Spellcasting
  6874 | D:6      | Reached skill level 9 in Conjurations
  7041 | D:6      | Reached skill level 1 in Poison Magic
  7277 | D:6      | Reached ** piety under Vehumet
  7277 | D:6      | Offered knowledge of Kiss of Death by Vehumet.
  8065 | D:2      | Bought a glowing cloak for 210 gold pieces
  8167 | D:5      | Bought a potion of heal wounds for 60 gold pieces
  8204 | D:7      | Reached skill level 5 in Fire Magic
  8545 | D:7      | Found an iron altar of Okawaru.
  8599 | D:7      | Reached XP level 9. HP: 68/68 MP: 6/16
  8691 | D:7      | Reached skill level 10 in Conjurations
  8869 | D:7      | Found an opulent altar of Gozag.
  8877 | D:7      | Found an ancient bone altar of Kikubaaqudgha.
  8884 | D:7      | Found a sparkling altar of Nemelex Xobeh.
  8891 | D:7      | Found a shimmering altar of Xom.
  8899 | D:7      | Found a bloodstained altar of Trog.
  8907 | D:7      | Found a glowing silver altar of Zin.
  8912 | D:7      | Found a hazy altar of Hepliaklqana.
  9261 | D:7      | Found a hide-covered altar of Uskayaw.
  9579 | D:7      | Found a stormy altar of Qazlal.
  9833 | D:7      | Offered knowledge of Frozen Ramparts by Vehumet.
 10094 | D:8      | Noticed a troll
 10101 | D:8      | Killed a troll
 10102 | D:8      | Reached skill level 11 in Conjurations
 10911 | D:9      | Found a flagged portal.
 10976 | Bailey   | Entered a bailey
 11192 | Bailey   | Reached *** piety under Vehumet
 12272 | D:9      | Offered knowledge of Flame Wave by Vehumet.
 12485 | D:9      | Reached XP level 10. HP: 48/74 MP: 4/18
 12855 | D:9      | Found a shadowy altar of Dithmenos.
 12985 | D:9      | Reached **** piety under Vehumet
 13066 | D:9      | Offered knowledge of Ignite Poison by Vehumet.
 13071 | D:9      | Learned a level 3 spell: Ignite Poison
 13170 | D:9      | Reached skill level 12 in Conjurations
 13605 | D:9      | Found a staircase to the Lair.
 13914 | D:9      | Found a snail-covered altar of Cheibriados.
 14283 | D:9      | Learned a level 4 spell: Olgreb's Toxic Radiance
 14309 | D:10     | Entered Level 10 of the Dungeon
 14488 | D:10     | Found a glowing golden altar of the Shining One.
 15137 | D:10     | Found Ywi Dagug's Weapon Boutique.
 15420 | D:10     | Reached skill level 13 in Conjurations
 15573 | D:11     | Noticed a centaur warrior
 15573 | D:11     | Found a frozen archway.
 15576 | D:11     | Killed a centaur warrior
 15586 | D:11     | Noticed a manticore
 15913 | D:11     | Killed a manticore
 15914 | D:11     | Reached XP level 11. HP: 58/80 MP: 5/22
 15915 | D:11     | Noticed a two-headed ogre
 16107 | D:11     | Killed a two-headed ogre
 16116 | IceCv    | Entered an ice cave
 16667 | IceCv    | Reached ***** piety under Vehumet
 16685 | IceCv    | Reached skill level 14 in Conjurations
 16719 | IceCv    | Offered knowledge of Sticky Flame by Vehumet.
 16725 | IceCv    | Learned a level 4 spell: Sticky Flame
 17013 | IceCv    | Identified the ring "Jefegic" {rPois rCorr AC+4 Stlth+}
 17553 | IceCv    | Got the +5 hand axe "Geum Vuo" {freeze, +Blink}
 17667 | IceCv    | Slain by a large slime creature

Illustrated notes

Levels and vault maps discovered:
D:1:      amcnicky_arrival_underground_garden, layout_rooms, chequers_avenue,
          minmay_split_cup_small
D:2:      layout_basic, serial_shops, shop
D:3:      layout_loops_corners, mainiacjoe_overflow_alcove_2
D:4:      layout_basic, minmay_temple_entry_nine_rooms, minmay_misc_feat_rugged,
          serial_park_tiny_2, uniq_ijyb
D:5:      layout_rooms, gammafunk_ghost_necromancy, serial_shops, shop,
          nicolae_shop_advertising_works [nicolae_subvault_shop_adworks],
          shop_fountains, minmay_shop_mass, moated_statue
D:6:      nicolae_cairo_tiling_very_big, layout_loops_ring,
          nicolae_ossuary_entry_plus
D:7:      layout_loops_corners, general_overflow_altar,
          hellmonk_okawaru_the_only_friend_you_need,
          grunt_temple_overflow_octagram, nicolae_uskayaw_dance_hall,
          grunt_decor_cap, lightli_orcish_oven
D:8:      layout_basic, serial_bayou_lagoon_a
D:9:      layout_long_grid, lemuel_coloured_pillars_altar,
          kennysheep_little_box, lair_entry_dummy, enter_bailey_5,
          minmay_fractal_squares_diagonal_5
D:10:     layout_roguey, mainiacjoe_overflow_24_doors, serial_shops, shop
D:11:     evilmike_library_of_no_secrets, layout_long_grid,
          portal_ice_cave_entry_imps, uniq_maurice, uniq_josephine
Temple:   nicolae_temple_two_arcs
IceCv:    ice_cave_hellmonk_azure_passage

Skill      XL: |  1  2  3  4  5  6  7  8  9 10 11 |
---------------+----------------------------------+-----
Conjurations   | 5 6 7 8 9 11 13 14 | 14.3
Spellcasting   | 3 4 5 7 8 |  8.1
Fighting       | 2 |  2.3
Fire Magic     | 3 5 7 8 9 |  9.0
Poison Magic   | 2 3 |  3.0
Dodging        | |  1.7
Stealth        | |  1.7

Action                   |  1- 3 |  4- 6 |  7- 9 | 10-12 || total
-------------------------+-------+-------+-------+-------++-------
Melee: Unarmed           |    45 |       |       |       ||    45
       Dagger            |    11 |     3 |    25 |    36 ||    75
       Tailslap          |       |       |     5 |     8 ||    13
       Hand axe          |       |       |       |     8 ||     8
 Cast: Magic Dart        |    62 |    32 |    85 |    35 ||   214
       Searing Ray       |    18 |    27 |   111 |    22 ||   178
       Mephitic Cloud    |       |       |     4 |     2 ||     6
       Starburst         |       |       |       |    53 ||    53
       Ignite Poison     |       |       |       |     3 ||     3
       Olgreb's Toxic Ra |       |       |       |     2 ||     2
 Abil: Breathe Fire      |       |       |    15 |     7 ||    22
Evoke: Wand              |       |       |     4 |     5 ||     9
  Use: Scroll            |     3 |     2 |    10 |     2 ||    17
       Potion            |       |     2 |     2 |    10 ||    14
Armor: Skin              |    38 |     7 |    58 |    37 ||   140
Dodge: Dodged            |    56 |    25 |   101 |    68 ||   250

Table legend: (Time is in decaauts)
 A = Elapsed time spent in this place.
 B = Non-inter-level travel time spent in this place.
 C = Inter-level travel time spent in this place.
 D = Time resting spent in this place.
 E = Time spent auto-exploring this place.
 F = Levels seen in this place.
 G = Mean time per level.
                   A        B        C        D        E       F      G
               +--------+--------+--------+--------+--------+-----+--------+
         Total |  17694 |  17159 |    535 |   5863 |   9236 |  15 | 1179.6 |
       Dungeon |  14590 |  14063 |    527 |   3617 |   9046 |  11 | 1326.4 |
        Temple |     18 |     10 |      8 |      0 |      0 |   1 |   18.0 |
       Ossuary |    339 |    339 |      0 |    140 |     80 |   1 |  339.0 |
        Bailey |   1184 |   1184 |      0 |    782 |     49 |   1 | 1184.0 |
      Ice Cave |   1561 |   1561 |      0 |   1324 |     61 |   1 | 1561.0 |
               +--------+--------+--------+--------+--------+-----+--------+

Top non-repeatable levels by time:
     D:9: 2225 daAuts
    D:10: 1770 daAuts
     D:4: 1756 daAuts
     D:7: 1592 daAuts
     D:6: 1582 daAuts
   IceCv: 1561 daAuts
     D:2: 1496 daAuts
     D:3: 1275 daAuts
  Bailey: 1184 daAuts
     D:1: 1065 daAuts
     D:8: 941 daAuts
     D:5: 846 daAuts
 Ossuary: 339 daAuts
    D:11: 37 daAuts
  Temple: 18 daAuts
